 Dungeon Crawl Stone Soup version 0.22.1-1-ga44c0e56f4 (webtiles) character file.

646 Jynx the Changer (level 7, -25/43 HPs)
             Began as an Octopode Transmuter on Nov 5, 2018.
             Was an Initiate of Ashenzari.
             Annihilated by a two-headed ogre
             ... wielding a +0 giant club
              (28 damage)
             ... on level 5 of the Dungeon.
             The game lasted 00:10:01 (5075 turns).

Jynx the Changer (Octopode Transmuter)              Turns: 5075, Time: 00:10:03

Health: -25/43     AC:  2    Str:  9    XL:     7   Next: 52%
Magic:  6/13       EV: 20    Int: 16    God:    Ashenzari [......]
Gold:   258        SH:  0    Dex: 19    Spells: 4/15 levels left

rFire    . . .     SeeInvis .     - Unarmed
rCold    + . .     Gourm    .   (shield currently unavailable)
rNeg     . . .     Faith    .   (helmet currently unavailable)
rPois    x         Spirit   .   (no amulet)
rElec    .         Reflect  .   o - ring of stealth
rCorr    .         Harm     .   l - ring of protection from cold
MR       .....                  (no ring)
Stlth    +++.......             (no ring)
HPRegen  0.14/turn              (no ring)
MPRegen  0.13/turn              (no ring)
                                (no ring)
                                (no ring)

@: spider-form
A: tiny, almost no armour, stealthy swim, (amphibious), 8 rings, (constrict 8)
a: End Transformation, Curse Item, Renounce Religion


You were on level 5 of the Dungeon.
You worshipped Ashenzari.
Ashenzari was noncommittal.
You were very hungry.
You were a venomous arachnid creature.
You visited 2 branches of the dungeon, and saw 6 of its levels.

You collected 258 gold pieces.

Inventory:

Missiles
 a - 67 arrows
Jewellery
 l - a ring of protection from cold (right front leg)
 o - a ring of stealth (left front leg)
Scrolls
 f - a scroll of remove curse
 g - a scroll of random uselessness {unknown}
 m - a scroll of teleportation
 p - 2 scrolls of amnesia
Potions
 b - a potion of berserk rage
 d - 2 potions of brilliance {unknown}
 e - a potion of cancellation {unknown}
 h - 3 potions of mutation {unknown}
 i - 3 potions of agility
 j - a potion of degeneration {unknown}
 k - a potion of resistance {unknown}
 n - 4 potions of heal wounds {unknown}
 q - a potion of flight {unknown}
Comestibles
 c - 10 rations


   Skills:
 - Level 1.0 Fighting
 - Level 2.0 Dodging
 - Level 3.0 Unarmed Combat
 + Level 4.5 Spellcasting
 * Level 6.8 Transmutations


You had 4 spell levels left.
You knew the following spells:

 Your Spells              Type           Power        Failure   Level  Hunger
a - Beastly Appendage     Tmut           ####..       5%          1    None
b - Sticks to Snakes      Tmut           ####....     7%          2    ##.....
c - Spider Form           Tmut/Pois      ##........   28%         3    ###....
d - Blade Hands           Tmut           ####......   47%         5    ######.

Your spell library contained the following spells:

 Spells                   Type           Power        Failure   Level  Hunger
 Ice Form                 Ice/Tmut       ##......     58%         4    ####...


Dungeon Overview and Level Annotations

Branches:
Dungeon (5/15)             Temple (1/1) D:5

Altars:
Ashenzari
Cheibriados
Nemelex Xobeh
Ru
Trog
Vehumet
Wu Jian
Xom

Shops:
D:5 !


Innate Abilities, Weirdness & Mutations

You cannot wear most types of armour.
You are very stealthy in the water. (Stealth+)
((You are amphibious.))
You can wear up to eight rings at the same time.
((You can use your tentacles to constrict eight enemies at once.))
((Your skin changes colour to match your surroundings (Stealth+).))
((Your rubbery body absorbs attacks. (AC +1, EV +1)))


Message History

You turn into a venomous arachnid creature.
You are feeling very hungry.
You hit the two-headed ogre.
The two-headed ogre is lightly wounded.
The two-headed ogre barely misses you. x2
You hit the two-headed ogre but do no damage.
The two-headed ogre is poisoned.
The two-headed ogre is lightly wounded.
The two-headed ogre barely misses you.
The two-headed ogre hits you with a giant club!!
You hit the two-headed ogre but do no damage.
The two-headed ogre looks even sicker.
The two-headed ogre is lightly wounded.
You hit the two-headed ogre.
The two-headed ogre is moderately wounded.
The two-headed ogre hits you with a giant club!!
* * * LOW HITPOINT WARNING * * *
The two-headed ogre hits you with a giant club!!
Ouch! That really hurt!
You die...

....#.....### ##.#........
.............###..##.......
.................# #.......
.................###.......
........####.....#.........
........## ##.............#
###......###............∩.#
..
###....##O....#........##
... #.....s....##....#..##
#.# ##...###....##........#
#..####....#
###..##.........#
#..##....## ##.......##....
#.......## #......###....
#....>..### ##...### #..##
##.........### ##.## #..#
##............#####..# ..#
.##....................##


You could see a two-headed ogre.

Vanquished Creatures
  An ogre (D:4)
  A water moccasin zombie (D:5)
  A scorpion (D:5)
  An orc priest (D:3)
  3 hounds
  An orc wizard (D:3)
  Terence (D:2)
  2 worker ants (D:4)
  2 hound skeletons (D:4)
  9 adders
  2 oozes
  4 worms
  2 leopard geckos
  14 orcs
  10 bats
  3 giant cockroaches
  18 goblins
  11 hobgoblins
  6 jackals
  A quokka (D:4)
  A ball python (D:4)
  5 frilled lizards
  3 kobolds
  A leopard gecko skeleton (D:4)
  A quokka skeleton (D:5)
  10 rats
114 creatures vanquished.

Notes
Turn   | Place    | Note
-------+----------+-------------------------------------------
     0 | D:1      | Jynx the Octopode Transmuter began the quest for the Orb.
     0 | D:1      | Reached XP level 1. HP: 13/13 MP: 3/3
   305 | D:1      | Reached XP level 2. HP: 18/18 MP: 5/5
   594 | D:1      | Reached skill level 3 in Transmutations
   726 | D:1      | Reached XP level 3. HP: 18/23 MP: 6/6
  1065 | D:2      | Reached XP level 4. HP: 12/28 MP: 6/8
  1758 | D:2      | Found a faded altar of an unknown god.
  1778 | D:2      | Reached skill level 4 in Transmutations
  1914 | D:2      | Noticed Terence
  2023 | D:2      | Learned a level 2 spell: Sticks to Snakes
  2027 | D:2      | Learned a level 3 spell: Spider Form
  2048 | D:2      | Killed Terence
  2048 | D:2      | Reached XP level 5. HP: 33/33 MP: 6/9
  3387 | D:3      | Reached skill level 5 in Transmutations
  3393 | D:3      | Reached XP level 6. HP: 19/38 MP: 5/11
  3720 | D:3      | Learned a level 5 spell: Blade Hands
  3733 | D:3      | Found a sparkling altar of Nemelex Xobeh.
  4493 | D:4      | Reached skill level 6 in Transmutations
  4516 | D:4      | Found a snail-covered altar of Cheibriados.
  4519 | D:4      | Found an ornate altar of the Wu Jian Council.
  4522 | D:4      | Found a bloodstained altar of Trog.
  4630 | D:4      | Reached XP level 7. HP: 43/43 MP: 11/13
  4715 | D:5      | Entered Level 5 of the Dungeon
  4959 | D:5      | Found a staircase to the Ecumenical Temple.
  4972 | Temple   | Entered the Ecumenical Temple
  4985 | Temple   | Became a worshipper of Ashenzari the Shackled
  5019 | D:5      | Found Xogil's Distillery.
  5055 | D:5      | Noticed a two-headed ogre
  5075 | D:5      | Annihilated by a two-headed ogre

Skill      XL: |  1  2  3  4  5  6 |
---------------+-------------------+-----
Transmutations | 3 4 5 6 |  6.8
Spellcasting   | 3 4 |  4.5
Fighting       | |  1.0
Dodging        | |  2.0
Unarmed Combat | |  3.0

Action                   |  1- 3 |  4- 6 |  7- 9 || total
-------------------------+-------+-------+-------++-------
Melee: Unarmed           |    77 |   212 |    27 ||   316
       Constrict         |    14 |    44 |     5 ||    63
       Kick              |    11 |    31 |     7 ||    49
       Tentacles         |     6 |    20 |     5 ||    31
       Punch             |       |     2 |       ||     2
 Cast: Beastly Appendage |    10 |    22 |     4 ||    36
       Spider Form       |       |     9 |     1 ||    10
       Blade Hands       |       |       |     2 ||     2
  Use: Scroll            |     4 |     6 |     1 ||    11
 Stab: Sleeping          |     3 |     6 |     1 ||    10
  Eat: Chunk             |       |    13 |     1 ||    14
Armor: Skin              |    13 |    18 |     1 ||    32
Dodge: Dodged            |    56 |   166 |    17 ||   239
